EL
BILOXI SHUCKERS @ SAN ANTONIO MISSIONS
08/21/2047
 
TOP OF THE 1ST
Biloxi Shuckers batting - Pitching for San Antonio Missions : RHP Andy Dunmire
Pitching: RHP Andy Dunmire
Batting: RHB Cameron Rattenbury 0-0: Called Strike
0-1: Foul Ball, location: 2F
0-2: Ball
1-2: Ball
2-2: Foul Ball, location: 2F
2-2: Ball
3-2: Base on Balls
Batting: RHB Herb McIntyre 0-0: Ball
Cameron Rattenbury steals 2nd base
1-0: Swinging Strike
1-1: DOUBLE (Flyball, 89XD, EV 98.8 MPH)
Cameron Rattenbury scores
Batting: LHB Adam Hill 0-0: Ball
1-0: Ball
2-0: Foul Ball, location: 2F
2-1: Ball
3-1: Base on Balls
Batting: RHB Ben Taylor 0-0: Ball
1-0: Ball
2-0: SINGLE (Line Drive, 6D, EV 94.4 MPH)
Herb McIntyre to third
Adam Hill to second
Batting: RHB Vinny Estrada 0-0: Ball
1-0: Called Strike
1-1: Ball
2-1: Swinging Strike
2-2: Strikes out swinging
Batting: RHB Brian Landrum 0-0: Foul Ball, location: 2F
0-1: Foul Ball, location: 2F
0-2: Grounds into fielders choice 1-2 (Groundball, 15S, EV 68.8 MPH)
Adam Hill to third
Ben Taylor to second
Batting: LHB Paul Collins 0-0: Foul Ball, location: 2F
0-1: Foul Ball, location: 2F
0-2: Ball
1-2: Strikes out looking
Top of the 1st over - 1 run, 2 hits, 0 errors, 3 left on base; Biloxi 1 - San Antonio 0
BOTTOM OF THE 1ST
San Antonio Missions batting - Pitching for Biloxi Shuckers : LHP Jamie Blake
Pitching: LHP Jamie Blake
Batting: RHB Jaden Scott 0-0: Ball
1-0: Called Strike
1-1: Foul Ball, location: 2F
1-2: Ball
2-2: Foul Ball, location: 2F
2-2: Ball
3-2: Base on Balls
Batting: RHB Juan Espinoza 0-0: Ball
Jaden Scott is caught stealing 2nd base 2-4
1-0: Ball
2-0: Ground out 1-3 (Groundball, 13S, EV 66.9 MPH)
Batting: RHB Manny Jurado 0-0: Ball
1-0: Ground out 4-3 (Groundball, 4, EV 77.5 MPH)
Bottom of the 1st over - 0 runs, 0 hits, 0 errors, 0 left on base; Biloxi 1 - San Antonio 0
TOP OF THE 2ND
Biloxi Shuckers batting - Pitching for San Antonio Missions : RHP Andy Dunmire
Batting: RHB Juan Villanueva 0-0: Swinging Strike
0-1: Ball
1-1: Foul Ball, location: 2F
1-2: Ball
2-2: Foul Ball, location: 2F
2-2: Strikes out swinging
Batting: SHB Robert Sayer 0-0: Foul Ball, location: 2F
0-1: Ball
1-1: Ball
2-1: Foul Ball, location: 2F
2-2: Foul Ball, location: 2F
2-2: Strikes out swinging
Batting: RHB Cameron Rattenbury 0-0: Foul Ball, location: 2F
0-1: Swinging Strike
0-2: Foul Ball, location: 2F
0-2: Ground out 5-3 (Groundball, 56S, EV 84.4 MPH)
Top of the 2nd over - 0 runs, 0 hits, 0 errors, 0 left on base; Biloxi 1 - San Antonio 0
BOTTOM OF THE 2ND
San Antonio Missions batting - Pitching for Biloxi Shuckers : LHP Jamie Blake
Batting: SHB Hatsuo Miura 0-0: Called Strike
0-1: Called Strike
0-2: Ball
1-2: Ball
2-2: SINGLE (Groundball, 4MD, EV 98.8 MPH)
Batting: RHB Joe Weissman 0-0: Called Strike
0-1: Grounds into double play, 5-4-3 (Groundball, 5, EV 84.4 MPH)
Batting: LHB J.D. Brenner 0-0: Called Strike
0-1: Ball
1-1: Ball
2-1: Ground out 5-3 (Groundball, 5, EV 83.1 MPH)
Bottom of the 2nd over - 0 runs, 1 hit, 0 errors, 0 left on base; Biloxi 1 - San Antonio 0
TOP OF THE 3RD
Biloxi Shuckers batting - Pitching for San Antonio Missions : RHP Andy Dunmire
Batting: RHB Herb McIntyre 0-0: Ball
1-0: Ball
2-0: Called Strike
2-1: Swinging Strike
2-2: Ground out 6-3 (Groundball, 6, EV 90.6 MPH)
Batting: LHB Adam Hill 0-0: Called Strike
0-1: Ball
1-1: Ball
2-1: Fly out, F7 (Flyball, 78M, EV 91.9 MPH)
Batting: RHB Ben Taylor 0-0: Ball
1-0: Fly out, F9 (Flyball, 9S, EV 81.9 MPH)
Top of the 3rd over - 0 runs, 0 hits, 0 errors, 0 left on base; Biloxi 1 - San Antonio 0
BOTTOM OF THE 3RD
San Antonio Missions batting - Pitching for Biloxi Shuckers : LHP Jamie Blake
Batting: LHB Josh Slusarczyk 0-0: Ball
1-0: Called Strike
1-1: Called Strike
1-2: Strikes out looking
Batting: RHB Nate Burkhalter 0-0: Swinging Strike
0-1: Foul Ball, location: 2F
0-2: SINGLE (Groundball, 34D, EV 101.9 MPH)
Batting: RHB Bill Williams 0-0: Foul Ball, location: 2F
0-1: Grounds into double play, 4-6-3 (Groundball, 4, EV 89.4 MPH)
Bottom of the 3rd over - 0 runs, 1 hit, 0 errors, 0 left on base; Biloxi 1 - San Antonio 0
TOP OF THE 4TH
Biloxi Shuckers batting - Pitching for San Antonio Missions : RHP Andy Dunmire
Batting: RHB Vinny Estrada 0-0: Ball
1-0: SINGLE (Line Drive, 34, EV 95.6 MPH)
Batting: RHB Brian Landrum 0-0: Called Strike
Vinny Estrada is caught stealing 2nd base 2-4
0-1: Foul Ball, location: 2F
0-2: Strikes out swinging
Batting: LHB Paul Collins 0-0: SINGLE (Flyball, 89S, EV 98.1 MPH)
Batting: RHB Juan Villanueva 0-0: Called Strike
0-1: Ground out 5-3 (Groundball, 56S, EV 86.2 MPH)
Top of the 4th over - 0 runs, 2 hits, 0 errors, 1 left on base; Biloxi 1 - San Antonio 0
BOTTOM OF THE 4TH
San Antonio Missions batting - Pitching for Biloxi Shuckers : LHP Jamie Blake
Batting: RHB Jaden Scott 0-0: Called Strike
0-1: Ball
1-1: Swinging Strike
1-2: DOUBLE (Line Drive, 78M, EV 92.5 MPH)
Batting: RHB Juan Espinoza 0-0: Called Strike
0-1: Swinging Strike
Balk!
Jaden Scott to third
0-2: Ball
1-2: Foul Ball, location: 2F
1-2: Strikes out swinging
Batting: RHB Manny Jurado 0-0: Ball
1-0: Ground out 4-3 (Groundball, 34S, EV 90.0 MPH)
Batting: SHB Hatsuo Miura 0-0: Called Strike
0-1: Foul Ball, location: 2F
0-2: Strikes out looking
Bottom of the 4th over - 0 runs, 1 hit, 0 errors, 1 left on base; Biloxi 1 - San Antonio 0
TOP OF THE 5TH
Biloxi Shuckers batting - Pitching for San Antonio Missions : RHP Andy Dunmire
Batting: SHB Robert Sayer 0-0: Ball
1-0: Ball
2-0: Ground out 6-3 (Groundball, 6M, EV 90.6 MPH)
Batting: RHB Cameron Rattenbury 0-0: Foul Ball, location: 2F
0-1: Ball
1-1: SINGLE (Groundball, 4MD, EV 105.6 MPH) (infield hit)
Batting: RHB Herb McIntyre 0-0: Ball
Cameron Rattenbury steals 2nd base
1-0: Ground out 6-3 (Groundball, 6, EV 79.4 MPH)
Cameron Rattenbury to third
Batting: LHB Adam Hill 0-0: Ball
1-0: Ball
2-0: Foul Ball, location: 2F
2-1: Ball
3-1: Base on Balls
Batting: RHB Ben Taylor 0-0: Foul Ball, location: 2F
0-1: Ball
1-1: Swinging Strike
1-2: Ball
2-2: Ball
3-2: Base on Balls
Adam Hill to second
Batting: RHB Vinny Estrada 0-0: Swinging Strike
0-1: Ball
1-1: Swinging Strike
1-2: Ball
2-2: Ground out U3 (Groundball, 3L, EV 105.0 MPH)
Top of the 5th over - 0 runs, 1 hit, 0 errors, 3 left on base; Biloxi 1 - San Antonio 0
BOTTOM OF THE 5TH
San Antonio Missions batting - Pitching for Biloxi Shuckers : LHP Jamie Blake
Batting: RHB Joe Weissman 0-0: Called Strike
0-1: SINGLE (Groundball, 4MD, EV 94.4 MPH)
Batting: LHB J.D. Brenner 0-0: SINGLE (Flyball, 5D, EV 93.8 MPH)
Joe Weissman to second
Batting: LHB Josh Slusarczyk 0-0: Ball
1-0: Grounds into double play, 1-4-3 (Groundball, 15S, EV 73.8 MPH)
Joe Weissman to third
Batting: RHB Nate Burkhalter 0-0: Called Strike
0-1: Swinging Strike
0-2: Strikes out swinging, 2-3 out at first.
Bottom of the 5th over - 0 runs, 2 hits, 0 errors, 1 left on base; Biloxi 1 - San Antonio 0
TOP OF THE 6TH
Biloxi Shuckers batting - Pitching for San Antonio Missions : RHP Andy Dunmire
Batting: RHB Brian Landrum 0-0: Ball
1-0: Foul Ball, location: 2F
1-1: Ball
2-1: Foul Ball, location: 2F
2-2: Ground out 6-3 (Groundball, 6S, EV 86.2 MPH)
Pitching: RHP Rich Reinbolt
Batting: LHB Paul Collins 0-0: Called Strike
0-1: Swinging Strike
0-2: Foul Ball, location: 2F
0-2: Ball
1-2: Ball
2-2: Strikes out swinging
Batting: RHB Juan Villanueva 0-0: Ball
1-0: Ground out U3 (Groundball, 3, EV 100.0 MPH)
Top of the 6th over - 0 runs, 0 hits, 0 errors, 0 left on base; Biloxi 1 - San Antonio 0
BOTTOM OF THE 6TH
San Antonio Missions batting - Pitching for Biloxi Shuckers : LHP Jamie Blake
Batting: RHB Bill Williams 0-0: Ball
1-0: Ball
2-0: Called Strike
2-1: Called Strike
2-2: Ball
3-2: Strikes out swinging, 2-3 out at first.
Batting: RHB Jaden Scott 0-0: Ball
1-0: Foul Ball, location: 2F
1-1: SOLO HOME RUN (Flyball, 89XD, EV 108.8 MPH), Distance : 403 ft
Batting: RHB Juan Espinoza 0-0: Ball
1-0: Fly out, F8 (Flyball, 78D, EV 93.1 MPH)
Batting: RHB Manny Jurado 0-0: Ball
1-0: Called Strike
1-1: Foul Ball, location: 2F
1-2: SINGLE (Groundball, 56D, EV 99.4 MPH)
Batting: SHB Hatsuo Miura 0-0: Ball
1-0: Ball
2-0: Foul Ball, location: 2F
2-1: Called Strike
2-2: Ball
3-2: SINGLE (Line Drive, 8LS, EV 103.8 MPH)
Manny Jurado to second
Manny Jurado to third
Batting: RHB Joe Weissman 0-0: Called Strike
0-1: DOUBLE (Groundball, 5L, EV 97.5 MPH)
Manny Jurado scores
Hatsuo Miura to third
Batting: LHB J.D. Brenner 0-0: Intentional Walk
Batting: LHB Josh Slusarczyk 0-0: Ball
1-0: Foul Ball, location: 2F
1-1: Ball
2-1: Ball
3-1: Base on Balls
Hatsuo Miura scores
Joe Weissman to third
J.D. Brenner to second
Batting: RHB Nate Burkhalter 0-0: Foul Ball, location: 2F
0-1: Swinging Strike
0-2: Strikes out swinging
Bottom of the 6th over - 3 runs, 4 hits, 0 errors, 3 left on base; Biloxi 1 - San Antonio 3
TOP OF THE 7TH
Biloxi Shuckers batting - Pitching for San Antonio Missions : RHP Rich Reinbolt
Batting: SHB Robert Sayer 0-0: Called Strike
0-1: Ground out 5-3 (Groundball, 5, EV 98.8 MPH)
Batting: RHB Cameron Rattenbury 0-0: Ball
1-0: Ball
2-0: Fly out, F7 (Flyball, 7, EV 98.1 MPH)
Batting: RHB Herb McIntyre 0-0: Called Strike
0-1: Ball
1-1: Called Strike
1-2: Strikes out swinging
Top of the 7th over - 0 runs, 0 hits, 0 errors, 0 left on base; Biloxi 1 - San Antonio 3
BOTTOM OF THE 7TH
San Antonio Missions batting - Pitching for Biloxi Shuckers : LHP Jamie Blake
Batting: RHB Bill Williams 0-0: Ball
1-0: Foul Ball, location: 2F
1-1: Called Strike
1-2: Strikes out looking
Batting: RHB Jaden Scott 0-0: Fly out, F9 (Flyball, 9, EV 91.9 MPH)
Batting: RHB Juan Espinoza 0-0: Ball
1-0: Called Strike
1-1: Ball
2-1: Foul Ball, location: 2F
2-2: Foul Ball, location: 2F
2-2: Foul Ball, location: 2F
2-2: Foul Ball, location: 2F
2-2: Ball
3-2: Reached on error, E5 (Groundball, 56S, EV 88.1 MPH)
Pitching: RHP Chris Ishii
Batting: RHB Manny Jurado 0-0: Ball
Juan Espinoza steals 2nd base
1-0: Foul Ball, location: 2F
1-1: Ground out 5-3 (Groundball, 56S, EV 67.5 MPH)
Bottom of the 7th over - 0 runs, 0 hits, 1 error, 1 left on base; Biloxi 1 - San Antonio 3
TOP OF THE 8TH
Biloxi Shuckers batting - Pitching for San Antonio Missions : RHP Rich Reinbolt
Pitching: LHP Ed Valdez
Batting: LHB Adam Hill 0-0: Called Strike
0-1: Foul Ball, location: 2F
0-2: SINGLE (Line Drive, 4MD, EV 98.8 MPH)
Batting: RHB Ben Taylor 0-0: Ball
1-0: Swinging Strike
1-1: Grounds into double play, 5-4-3 (Groundball, 56, EV 83.8 MPH)
Batting: RHB Vinny Estrada 0-0: Called Strike
0-1: SINGLE (Groundball, 56D, EV 102.5 MPH)
Batting: RHB Brian Landrum 0-0: Called Strike
0-1: Swinging Strike
0-2: Foul Ball, location: 2F
0-2: Ball
1-2: Strikes out looking
Top of the 8th over - 0 runs, 2 hits, 0 errors, 1 left on base; Biloxi 1 - San Antonio 3
BOTTOM OF THE 8TH
San Antonio Missions batting - Pitching for Biloxi Shuckers : RHP Chris Ishii
Batting: SHB Hatsuo Miura 0-0: SINGLE (Groundball, 56S, EV 68.1 MPH) (infield hit)
Batting: RHB Joe Weissman 0-0: Ball
1-0: Grounds into double play, 5-4-3 (Groundball, 5, EV 82.5 MPH)
Pitching: LHP Jim McCutcheon
Batting: LHB J.D. Brenner 0-0: Ball
1-0: Called Strike
1-1: Foul Ball, location: 2F
1-2: Strikes out looking
Bottom of the 8th over - 0 runs, 1 hit, 0 errors, 0 left on base; Biloxi 1 - San Antonio 3
TOP OF THE 9TH
Biloxi Shuckers batting - Pitching for San Antonio Missions : LHP Ed Valdez
Batting: LHB Paul Collins 0-0: Foul Ball, location: 2F
0-1: Foul Ball, location: 2F
0-2: Ball
1-2: Ball
2-2: Ball
3-2: Fly out, F9 (Flyball, 9, EV 80.0 MPH)
Batting: RHB Juan Villanueva 0-0: Swinging Strike
0-1: Ball
1-1: Ground out 6-3 (Groundball, 6, EV 110.6 MPH)
Batting: SHB Robert Sayer 0-0: Ball
1-0: Ground out 5-3 (Groundball, 56, EV 103.8 MPH)
Top of the 9th over - 0 runs, 0 hits, 0 errors, 0 left on base; Biloxi 1 - San Antonio 3
Thursday, December 15th , 2022 - OOTP Baseball 23.9 Build 102